 Dungeon Crawl Stone Soup version 0.26-a0-712-ga5a9c9c9d0 (webtiles) character file.

Game seed: 17037876560974921276

457 gbos the Sneak (level 7, 0/62 HPs)
             Began as a Naga Earth Elementalist on Nov 13, 2020.
             Slain by an adder (3 damage)
             ... on level 4 of the Dungeon.
             The game lasted 00:05:43 (4069 turns).

gbos the Sneak (Naga Earth Elementalist)            Turns: 4069, Time: 00:05:45

Health: 0/62       AC:  3    Str: 11    XL:     7   Next: 6%
Magic:  4/10       EV:  9    Int: 17    God:
Gold:   156        SH:  0    Dex: 11    Spells: 7/10 levels left

rFire    . . .     SeeInvis +   v - +1 trident (venom)
rCold    . . .     Faith    .   (no shield)
rNeg     . . .     Spirit   .   m - +0 leather armour
rPois    +         Reflect  .   (no helmet)
rElec    .         Harm     .   (no cloak)
rCorr    .         Rampage  .   (no gloves)
MR       +....                  (no barding)
Stlth    +++.......             (no amulet)
HPRegen  0.20/turn              (no ring)
MPRegen  0.12/turn              n - ring of protection from magic

@: about to teleport, very slow
A: large, see invisible, deformed body, poison resistance, slowness 2, spit
poison 1, AC +2
a: Spit Poison


You were on level 4 of the Dungeon.
You visited 1 branch of the dungeon, and saw 4 of its levels.

You collected 156 gold pieces.


Innate Abilities, Weirdness & Mutations

You cannot wear boots.
Your serpentine skin is tough. (AC +2)
You have supernaturally acute eyesight. (SInv)
Armour fits poorly on your strangely shaped body.
Your system is resistant to poisons. (rPois)
You cover ground very slowly.
You can spit poison.


   Skills:
 + Level 3.1 Fighting
 - Level 1.5 Dodging
 - Level 6.0 Stealth
 + Level 1.1 Shields
 - Level 2.0 Spellcasting
 - Level 1.0 Transmutations
 * Level 5.7 Earth Magic


You had 7 spell levels left.
You knew the following spells:

 Your Spells              Type           Power        Failure   Level
z - Sandblast             Erth           ###...       2%          1
N - Passwall              Tmut/Erth      ##......     10%         2

Your spell library contained the following spells:

 Spells                   Type           Power        Failure   Level
 Stone Arrow              Conj/Erth      ##....       24%         3
 Petrify                  Tmut/Erth      ##......     54%         4
 Lee's Rapid Deconstruct  Erth           ###.......   54%         5

Inventory:

Hand Weapons
 d - a +0 short sword
 p - a +2 dagger of electrocution
 v - a +1 trident of venom (weapon)
Missiles
 b - 164 stones (quivered)
Armour
 c - a +0 robe
 m - a +0 leather armour (worn)
 u - a +0 buckler
Jewellery
 n - a ring of protection from magic (right hand)
Scrolls
 a - 5 scrolls of identify {unknown}
 g - a scroll of enchant armour {unknown}
 i - 3 scrolls of teleportation {@r4}
 l - 2 scrolls of amnesia {unknown}
 o - a scroll of enchant weapon
 r - a scroll of blinking {unknown}
 s - a scroll of fog {unknown}
 t - a scroll of magic mapping {unknown}
Potions
 e - 3 potions of flight {unknown}
 h - 5 potions of lignification {unknown}
 j - 2 potions of curing {unknown}
 k - a potion of invisibility {unknown}
 q - a potion of haste {unknown}
 w - a potion of brilliance {unknown}

Dungeon Overview and Level Annotations

Branches:
Dungeon (4/15)
 Temple: D:4-7

Altars:
Ashenzari
Hepliaklqana

Annotations:
D:4 Eustachio

▒.........▒....
▒▒
▒...........▒..
▒▒.......▒..▒ .
▒.......▒▒..▒
▒▒▒>......▒
....
▒.........▒ ▒..
▒....b....▒ ..
▒.5.r.....▒
▒.5Nr▒▒▒...
▒.Sw5▒ ..▒
▒...........
▒......@...
▒...........
▒...........
▒...........
▒...........


You could see Eustachio, an iron imp (summoned), an adder, a white imp
(summoned), a shadow imp (summoned), a dart slug, a quokka (summoned), a bat
(summoned) and a rat (summoned).


Message History

Your +0 trident of venom glows red for a moment.
The bat closely misses you. The bat completely misses you.
The adder barely misses you. The iron imp hits you!
* * * LOW HITPOINT WARNING * * *
The dart slug barely misses you. The quokka closely misses you.
The rat barely misses you. The white imp hits you.
* * * LOW HITPOINT WARNING * * *
The white imp freezes you.
* * * LOW HITPOINT WARNING * * *
The shadow imp completely misses you.
Okay, then.
As you read the scroll labeled ALOEDI ORIGGE, it crumbles to dust.
You feel strangely unstable.
It was a scroll of teleportation.
The bat hits you but does no damage. The adder bites you.
* * * LOW HITPOINT WARNING * * *
The quokka barely misses you.
The iron imp hits you but does no damage.
The white imp hits you.
* * * LOW HITPOINT WARNING * * *
The white imp freezes you.
* * * LOW HITPOINT WARNING * * *
The rat closely misses you. The adder bites you.
You die...

Action                   |  1- 3 |  4- 6 |  7- 9 || total
-------------------------+-------+-------+-------++-------
Melee: Short sword       |    59 |    14 |       ||    73
       Dagger            |       |    77 |       ||    77
       Trident           |       |     8 |     2 ||    10
 Cast: Sandblast         |    21 |    27 |     7 ||    55
 Abil: Spit Poison       |     4 |     6 |       ||    10
  Use: Potion            |     1 |       |     2 ||     3
       Scroll            |       |       |     2 ||     2
 Stab: Sleeping          |     4 |     6 |       ||    10
Armor: Robe              |    16 |       |       ||    16
       Leather armour    |     9 |    26 |    10 ||    45
Dodge: Dodged            |    58 |    52 |    31 ||   141

Levels and vault maps discovered:
D:1:      dpeg_arrival_ternary, layout_basic, hangedman_decor_growths
D:2:      layout_basic, nicolae_overflow_crystal_walls, minmay_curled_crystal,
          uniq_jessica
D:3:      layout_loops_ring, nrook_mini_vaults
D:4:      layout_basic, evilmike_ruin_ashenzari, uniq_eustachio

Notes
Turn   | Place    | Note
-------+----------+-------------------------------------------
     0 | D:1      | gbos the Naga Earth Elementalist began the quest for the
                  | Orb.
     0 | D:1      | Reached XP level 1. HP: 15/15 MP: 3/3
    94 | D:1      | Reached XP level 2. HP: 24/24 MP: 1/5
   541 | D:1      | Reached skill level 1 in Fighting
   631 | D:1      | Reached XP level 3. HP: 28/31 MP: 6/6
  1452 | D:1      | Learned a level 2 spell: Passwall
  1564 | D:2      | Reached skill level 4 in Stealth
  1567 | D:2      | Reached skill level 4 in Earth Magic
  1837 | D:2      | Reached XP level 4. HP: 37/38 MP: 5/7
  2102 | D:2      | Noticed Jessica
  2107 | D:2      | Killed Jessica
  2192 | D:2      | Found a hazy altar of Hepliaklqana.
  2751 | D:3      | Reached skill level 2 in Fighting
  2782 | D:3      | Reached XP level 5. HP: 45/45 MP: 8/8
  3476 | D:4      | Reached skill level 5 in Stealth
  3604 | D:4      | Reached skill level 5 in Earth Magic
  3642 | D:4      | Reached XP level 6. HP: 39/55 MP: 2/9
  3771 | D:4      | Found a broken altar of Ashenzari.
  4002 | D:4      | Reached skill level 3 in Fighting
  4002 | D:4      | Reached skill level 1 in Shields
  4047 | D:4      | Noticed Eustachio
  4056 | D:4      | Reached skill level 6 in Stealth
  4056 | D:4      | Reached XP level 7. HP: 46/62 MP: 10/10
  4063 | D:4      | HP: 10/62 [white imp/puff of frost[Eustachio] (9)]
  4068 | D:4      | HP: 17/62 [iron imp[Eustachio] (7)]
  4069 | D:4      | HP: 6/62 [white imp[Eustachio] (3)]
  4069 | D:4      | Slain by an adder

Vanquished Creatures
  2 ogres (D:4)
  A hound (D:4)
  Jessica (D:2)
  2 worker ants (D:4)
  A hound zombie (D:4)
  9 adders
  4 dart slugs
  A worm (D:3)
  3 leopard geckos
  An orc (D:4)
  12 bats
  4 giant cockroaches
  9 goblins
  5 hobgoblins
  4 jackals (D:4)
  4 kobolds (D:1)
  3 quokkas
  3 ball pythons (D:1)
  5 frilled lizards
  2 jackal skeletons (D:4)
  5 rats
81 creatures vanquished.
